TOP OF THE 1ST |
San Diego Smashers batting - Pitching for La Crosse Loggers : RHP Chad Bennett
|
Pitching: RHP Chad Bennett
|
|
Batting: LHB Pedro Cruz
|
0-0: Called Strike 0-1: Swinging Strike 0-2: Ball 1-2: Strikes out swinging
|
Batting: RHB Cisco Gatán
|
0-0: Ball 1-0: Called Strike 1-1: SINGLE (Line Drive, 6D)
|
Batting: LHB António Glaviz
|
0-0: Swinging Strike 0-1: Called Strike 0-2: Strikes out looking
|
Batting: LHB Jeffrey Bascombe
|
0-0: Ball 1-0: Ball 2-0: Called Strike 2-1: Ball 3-1: Foul Ball, location: 2F 3-2: Base on Balls Cisco Gatán to second
|
Batting: RHB Francisco Castillo
|
0-0: Ball 1-0: Ball 2-0: Fly out, F8 (Flyball, 8RD)
|
Top of the 1st over - 0 run(s), 1 hit(s), 0 error(s), 2 left on base; San Diego 0 - La Crosse 0 |
BOTTOM OF THE 1ST |
La Crosse Loggers batting - Pitching for San Diego Smashers : RHP Javier Barrón
|
Pitching: RHP Javier Barrón
|
|
Batting: LHB Ricardo Ruíz
|
0-0: Ball 1-0: DOUBLE (Flyball, 9LM)
|
Batting: LHB Oliver Beltrán
|
0-0: Ball 1-0: Swinging Strike 1-1: Called Strike 1-2: Strikes out looking
|
Batting: RHB Paul Bailey
|
0-0: Called Strike 0-1: Foul Ball, location: 2F 0-2: Ball 1-2: Ball 2-2: Ball 3-2: SINGLE (Groundball, 6MD) Ricardo Ruíz to third Runner from 3rd tries for Home, SAFE, no throw or cutoff
|
Batting: LHB José Santos
|
0-0: Ball 1-0: Ball 2-0: Fly out, F2 (Popup, 2LF)
|
Batting: RHB Sergio Sánchez
|
0-0: Called Strike 0-1: Ball 1-1: Fly out, F9 (Flyball, 9M)
|
Bottom of the 1st over - 1 run(s), 2 hit(s), 0 error(s), 1 left on base; San Diego 0 - La Crosse 1 |
TOP OF THE 2ND |
San Diego Smashers batting - Pitching for La Crosse Loggers : RHP Chad Bennett
|
Batting: LHB Raúl Guerra
|
0-0: Ball 1-0: Called Strike 1-1: Called Strike 1-2: Ball 2-2: Foul Ball, location: 2F 2-2: Ball 3-2: Hit by Pitch
|
Batting: RHB Miguel Moreno
|
0-0: Foul Ball, location: 2F 0-1: Ball Wild Pitch! Raúl Guerra to second 1-1: Swinging Strike 1-2: Foul Ball, location: 2F 1-2: Ball 2-2: Foul Ball, location: 2F 2-2: Foul Ball, location: 2F 2-2: Ball 3-2: Strikes out looking
|
Batting: SHB Yoshitoki Kouda
|
0-0: Ground out 5-3 (Groundball, 56)
|
Batting: RHB Justin Burgess
|
0-0: Ball 1-0: Ball 2-0: Foul Ball, location: 2F 2-1: Foul Ball, location: 2F 2-2: Ball 3-2: Strikes out swinging
|
Top of the 2nd over - 0 run(s), 0 hit(s), 0 error(s), 1 left on base; San Diego 0 - La Crosse 1 |
BOTTOM OF THE 2ND |
La Crosse Loggers batting - Pitching for San Diego Smashers : RHP Javier Barrón
|
Batting: LHB Enrique Tirado
|
0-0: Called Strike 0-1: Ball 1-1: Called Strike 1-2: Ball 2-2: Foul Ball, location: 2F 2-2: Ball 3-2: Strikes out looking
|
Batting: RHB Fraser Stanton
|
0-0: Ball 1-0: Called Strike 1-1: SOLO HOME RUN (Line Drive, 89XD), Distance : 379 ft
|
Batting: RHB Vicente Vélez
|
0-0: Swinging Strike 0-1: Swinging Strike 0-2: Ball 1-2: Ball 2-2: DOUBLE (Flyball, 8RXD)
|
Batting: RHB Jimmy Smith
|
0-0: DOUBLE (Groundball, 3L) Vicente Vélez scores
|
Batting: LHB Ricardo Ruíz
|
0-0: Called Strike 0-1: Ball 1-1: Ball 2-1: Foul Ball, location: 2F 2-2: Fly out, F8 (Flyball, 8LS)
|
Batting: LHB Oliver Beltrán
|
0-0: Called Strike 0-1: Ball 1-1: Reached on Error, E8 (Flyball, 8LD) Jimmy Smith scores
|
Batting: RHB Paul Bailey
|
0-0: Ball 1-0: Foul Ball, location: 2F 1-1: SINGLE (Groundball, 34S) Oliver Beltrán to third Runner from 3rd tries for Home, SAFE, no throw or cutoff
|
Batting: LHB José Santos
|
0-0: Ball 1-0: Foul Ball, location: 2F 1-1: Ball 2-1: SINGLE (Flyball, 8RS) Paul Bailey to second Runner from 2nd tries for 3rd, SAFE, throw made to third
|
Batting: RHB Sergio Sánchez
|
0-0: Fly out, F9 (Flyball, 89D)
|
Bottom of the 2nd over - 4 run(s), 5 hit(s), 1 error(s), 2 left on base; San Diego 0 - La Crosse 5 |
TOP OF THE 3RD |
San Diego Smashers batting - Pitching for La Crosse Loggers : RHP Chad Bennett
|
Batting: LHB Pedro Cruz
|
0-0: Ball 1-0: Called Strike 1-1: Ball 2-1: Ball 3-1: Base on Balls
|
Batting: RHB Cisco Gatán
|
0-0: Called Strike 0-1: Ball 1-1: Fielders Choice at 2nd, 6-4 (Groundball, 6)
|
Batting: LHB António Glaviz
|
0-0: Ball 1-0: Ball 2-0: Called Strike 2-1: Foul Ball, location: 2F 2-2: Ball Wild Pitch! Cisco Gatán to second 3-2: Strikes out swinging
|
Batting: LHB Jeffrey Bascombe
|
0-0: SINGLE (Line Drive, 7S) Cisco Gatán to third
|
Batting: RHB Francisco Castillo
|
0-0: DOUBLE (Line Drive, 5L) Cisco Gatán scores Jeffrey Bascombe to third
|
Batting: LHB Raúl Guerra
|
0-0: Ball 1-0: Ball 2-0: Foul Ball, location: 2F 2-1: Swinging Strike 2-2: Foul Ball, location: 2F 2-2: Hit by Pitch
|
Batting: RHB Miguel Moreno
|
0-0: Ball 1-0: Swinging Strike 1-1: Called Strike 1-2: Ball 2-2: Foul Ball, location: 2F 2-2: Fly out, F6 (Line Drive, 6D)
|
Top of the 3rd over - 1 run(s), 2 hit(s), 0 error(s), 3 left on base; San Diego 1 - La Crosse 5 |
BOTTOM OF THE 3RD |
La Crosse Loggers batting - Pitching for San Diego Smashers : RHP Javier Barrón
|
Batting: LHB Enrique Tirado
|
0-0: Called Strike 0-1: Foul Ball, location: 2F 0-2: Ground out U3 (Groundball, 3)
|
Batting: RHB Fraser Stanton
|
0-0: Foul Ball, location: 2F 0-1: Foul Ball, location: 2F 0-2: Ball 1-2: Fly out, F4 (Popup, 4M)
|
Batting: RHB Vicente Vélez
|
0-0: Ball 1-0: Called Strike 1-1: Foul Ball, location: 2F 1-2: Ball 2-2: Ball 3-2: Ground out 1-3 (Groundball, 13)
|
Bottom of the 3rd over - 0 run(s), 0 hit(s), 0 error(s), 0 left on base; San Diego 1 - La Crosse 5 |
TOP OF THE 4TH |
San Diego Smashers batting - Pitching for La Crosse Loggers : RHP Chad Bennett
|
Batting: SHB Yoshitoki Kouda
|
0-0: Ball 1-0: Foul Ball, location: 2F 1-1: Foul Ball, location: 2F 1-2: Foul Ball, location: 2F 1-2: Ball 2-2: Strikes out swinging
|
Batting: RHB Justin Burgess
|
0-0: Ball 1-0: Ball 2-0: Foul Ball, location: 2F 2-1: Fly out, F8 (Flyball, 89M)
|
Batting: LHB Pedro Cruz
|
0-0: Called Strike 0-1: Ball 1-1: Called Strike 1-2: Foul Ball, location: 2F 1-2: Ground out 4-3 (Groundball, 4M)
|
Top of the 4th over - 0 run(s), 0 hit(s), 0 error(s), 0 left on base; San Diego 1 - La Crosse 5 |
BOTTOM OF THE 4TH |
La Crosse Loggers batting - Pitching for San Diego Smashers : RHP Javier Barrón
|
Batting: RHB Jimmy Smith
|
0-0: SINGLE (Line Drive, 56D)
|
Batting: LHB Ricardo Ruíz
|
0-0: Fly out, F6 (Popup, 4MS)
|
Batting: LHB Oliver Beltrán
|
0-0: Fly out, F2 (Popup, 2LF)
|
Batting: RHB Paul Bailey
|
0-0: Ball 1-0: Ball 2-0: Ground out U3 (Groundball, 3S)
|
Bottom of the 4th over - 0 run(s), 1 hit(s), 0 error(s), 1 left on base; San Diego 1 - La Crosse 5 |
TOP OF THE 5TH |
San Diego Smashers batting - Pitching for La Crosse Loggers : RHP Chad Bennett
|
Pitching: RHP David Washington
|
|
Batting: RHB Cisco Gatán
|
0-0: Ball 1-0: Ball 2-0: Called Strike 2-1: Foul Ball, location: 2F 2-2: Fly out, F9 (Flyball, 9M)
|
Batting: LHB António Glaviz
|
0-0: Ball 1-0: Swinging Strike 1-1: Called Strike 1-2: Foul Ball, location: 2F 1-2: Ball 2-2: SINGLE (Flyball, 89S)
|
Batting: LHB Jeffrey Bascombe
|
0-0: Ball António Glaviz steals 2nd base 1-0: Swinging Strike 1-1: Ball 2-1: Ball 3-1: Foul Ball, location: 2F 3-2: Foul Ball, location: 2F 3-2: Foul Ball, location: 2F 3-2: Foul Ball, location: 2F 3-2: Base on Balls
|
Batting: RHB Francisco Castillo
|
0-0: Ball 1-0: Ball 2-0: Ball 3-0: Base on Balls António Glaviz to third Jeffrey Bascombe to second
|
Batting: LHB Raúl Guerra
|
0-0: Called Strike 0-1: Ball 1-1: Foul Ball, location: 2F 1-2: Foul Ball, location: 2F 1-2: Ball 2-2: Ball 3-2: Foul Ball, location: 2F 3-2: Foul Ball, location: 2F 3-2: Base on Balls António Glaviz scores Jeffrey Bascombe to third Francisco Castillo to second
|
Batting: RHB Miguel Moreno
|
0-0: Ball 1-0: Ball 2-0: Ball 3-0: Called Strike 3-1: Base on Balls Jeffrey Bascombe scores Francisco Castillo to third Raúl Guerra to second
|
Batting: SHB Yoshitoki Kouda
|
0-0: Called Strike 0-1: Foul Ball, location: 2F 0-2: Foul Ball, location: 2F 0-2: Strikes out swinging
|
Batting: RHB Justin Burgess
|
0-0: Called Strike 0-1: Ball 1-1: Called Strike 1-2: Strikes out swinging
|
Top of the 5th over - 2 run(s), 1 hit(s), 0 error(s), 3 left on base; San Diego 3 - La Crosse 5 |
BOTTOM OF THE 5TH |
La Crosse Loggers batting - Pitching for San Diego Smashers : RHP Javier Barrón
|
Batting: LHB José Santos
|
0-0: Ball 1-0: Ball 2-0: Fly out, F8 (Flyball, 8RM)
|
Batting: RHB Sergio Sánchez
|
0-0: Called Strike 0-1: Called Strike 0-2: Strikes out looking
|
Batting: LHB Enrique Tirado
|
0-0: Called Strike 0-1: Foul Ball, location: 2F 0-2: Foul Ball, location: 2F 0-2: Ball 1-2: Hit by Pitch
|
Batting: RHB Fraser Stanton
|
0-0: Ball 1-0: Fly out, F9 (Flyball, 89M)
|
Bottom of the 5th over - 0 run(s), 0 hit(s), 0 error(s), 1 left on base; San Diego 3 - La Crosse 5 |
TOP OF THE 6TH |
San Diego Smashers batting - Pitching for La Crosse Loggers : RHP David Washington
|
Batting: LHB Pedro Cruz
|
0-0: DOUBLE (Line Drive, 8RM)
|
Batting: RHB Cisco Gatán
|
0-0: Fly out, F8 (Flyball, 8LM)
|
Batting: LHB António Glaviz
|
0-0: Ball 1-0: Ball 2-0: Swinging Strike 2-1: Called Strike Pedro Cruz steals 3rd base 2-2: Foul Ball, location: 2F 2-2: 2-RUN HOME RUN (Flyball, 9D), Distance : 379 ft
|
Pitching: RHP Mike Brown
|
|
Batting: LHB Jeffrey Bascombe
|
0-0: Ball 1-0: Ball 2-0: Ball 3-0: Called Strike 3-1: Foul Ball, location: 2F 3-2: Base on Balls
|
Batting: RHB Francisco Castillo
|
0-0: Ball 1-0: Called Strike 1-1: Swinging Strike 1-2: Ball 2-2: 2-RUN HOME RUN (Flyball, 89XD), Distance : 399 ft
|
Batting: LHB Raúl Guerra
|
0-0: Ball 1-0: Ball 2-0: Ball 3-0: Base on Balls
|
Batting: RHB Miguel Moreno
|
0-0: Ball 1-0: Ball 2-0: Foul Ball, location: 2F 2-1: Ball 3-1: Foul Ball, location: 2F 3-2: Base on Balls Raúl Guerra to second
|
Batting: SHB Yoshitoki Kouda
|
0-0: Ball 1-0: Foul Ball, location: 2F 1-1: Ball 2-1: Ball 3-1: Foul Ball, location: 2F 3-2: Foul Ball, location: 2F 3-2: Base on Balls Raúl Guerra to third Miguel Moreno to second
|
Batting: RHB Justin Burgess
|
0-0: Ball 1-0: Foul Ball, location: 2F 1-1: Swinging Strike 1-2: Fly out, F8 (Flyball, 8RM)
|
Batting: LHB Pedro Cruz
|
0-0: Fielders Choice at 2nd, 5-4 (Groundball, 56)
|
Top of the 6th over - 4 run(s), 3 hit(s), 0 error(s), 2 left on base; San Diego 7 - La Crosse 5 |
BOTTOM OF THE 6TH |
La Crosse Loggers batting - Pitching for San Diego Smashers : RHP Javier Barrón
|
Batting: RHB Vicente Vélez
|
0-0: Called Strike 0-1: Foul Ball, location: 2F 0-2: Strikes out swinging
|
Batting: RHB Jimmy Smith
|
0-0: SOLO HOME RUN (Flyball, 7D), Distance : 369 ft
|
Batting: LHB Ricardo Ruíz
|
0-0: Ball 1-0: Called Strike 1-1: Ball 2-1: Ball 3-1: Foul Ball, location: 2F 3-2: Foul Ball, location: 2F 3-2: Fly out, F8 (Flyball, 8RM)
|
Batting: LHB Oliver Beltrán
|
0-0: Ball 1-0: Swinging Strike 1-1: Ball 2-1: Foul Ball, location: 2F 2-2: Ball 3-2: Foul Ball, location: 2F 3-2: Foul Ball, location: 2F 3-2: SINGLE (Groundball, 6MD)
|
Pitching: RHP Pepe Guillén
|
|
Batting: RHB Paul Bailey
|
0-0: Ball 1-0: Called Strike 1-1: Foul Ball, location: 2F 1-2: Fly out, F9 (Line Drive, 9S)
|
Bottom of the 6th over - 1 run(s), 2 hit(s), 0 error(s), 1 left on base; San Diego 7 - La Crosse 6 |
TOP OF THE 7TH |
San Diego Smashers batting - Pitching for La Crosse Loggers : RHP Mike Brown
|
Batting: RHB Cisco Gatán
|
0-0: Ball 1-0: Foul Ball, location: 2F 1-1: TRIPLE (Flyball, 89M)
|
Batting: LHB António Glaviz
|
0-0: DOUBLE (Line Drive, 9LS) Cisco Gatán scores
|
Batting: LHB Jeffrey Bascombe
|
0-0: Intentional Walk
|
Pitching: LHP Marty Blasingame
|
|
Batting: RHB Francisco Castillo
|
0-0: Called Strike 0-1: Ball 1-1: Ball António Glaviz steals 3rd base Jeffrey Bascombe to second 2-1: Intentional Walk
|
Batting: LHB Raúl Guerra
|
0-0: Foul Ball, location: 2F 0-1: Ball 1-1: Ball 2-1: Called Strike 2-2: Ball 3-2: Foul Ball, location: 2F 3-2: Base on Balls António Glaviz scores Jeffrey Bascombe to third Francisco Castillo to second
|
Batting: RHB Miguel Moreno
|
0-0: Called Strike 0-1: GRAND SLAM HOME RUN (Flyball, 89XD), Distance : 377 ft
|
Batting: SHB Yoshitoki Kouda
|
0-0: Ball 1-0: Ball 2-0: Called Strike 2-1: Ball 3-1: Base on Balls
|
Batting: RHB Justin Burgess
|
0-0: Reached on error, E2 (Groundball, 25) Yoshitoki Kouda to third
|
Batting: LHB Pedro Cruz
|
0-0: Called Strike 0-1: Ball 1-1: Ball 2-1: Called Strike 2-2: Foul Ball, location: 2F 2-2: Foul Ball, location: 2F 2-2: Ball 3-2: DOUBLE (Groundball, 5L) Yoshitoki Kouda scores Justin Burgess scores
|
Pitching: RHP Andy Parker
|
|
Batting: RHB Cisco Gatán
|
0-0: Called Strike 0-1: Ground out 6-3 (Groundball, 6) Pedro Cruz to third
|
Batting: LHB António Glaviz
|
0-0: Called Strike 0-1: Ball 1-1: Ball 2-1: Ball 3-1: Foul Ball, location: 2F 3-2: Base on Balls
|
Batting: LHB Jeffrey Bascombe
|
0-0: Ball 1-0: Ball 2-0: Ball Pickoff Throw by Catcher to First - Error! E2 Pedro Cruz scores António Glaviz to second 3-0: Base on Balls
|
Batting: RHB Francisco Castillo
|
0-0: Called Strike 0-1: Swinging Strike 0-2: Reached on error, E1 (Groundball, 15) António Glaviz to third Jeffrey Bascombe to second
|
|
|
Batting: LHB Raúl Guerra
|
0-0: Ball 1-0: Ball 2-0: Foul Ball, location: 2F 2-1: Swinging Strike 2-2: Ball 3-2: Hit by Pitch António Glaviz scores Jeffrey Bascombe to third Francisco Castillo to second
|
Batting: RHB Miguel Moreno
|
0-0: Ball 1-0: Foul Ball, location: 2F 1-1: Foul Ball, location: 2F 1-2: Ball 2-2: Foul Ball, location: 2F 2-2: Foul Ball, location: 2F 2-2: Foul Ball, location: 2F 2-2: DOUBLE (Flyball, 89D) Jeffrey Bascombe scores Francisco Castillo scores Raúl Guerra to third
|
Batting: SHB Yoshitoki Kouda
|
0-0: Called Strike 0-1: Ball 1-1: Ball 2-1: Ball 3-1: Base on Balls
|
Batting: RHB Justin Burgess
|
0-0: Called Strike
|
|
|
|
0-1: Ball 1-1: Reached on error, E5 (Groundball, 5S) Raúl Guerra scores Miguel Moreno scores Yoshitoki Kouda to third
|
Pitching: RHP Mark Tidwell
|
|
Batting: LHB Pedro Cruz
|
0-0: Ball 1-0: Fly out, F7 (Flyball, 78M) Runner from 3rd tags up, SCORES, throw made
|
Batting: RHB Cisco Gatán
|
0-0: Ball 1-0: Fly out, F9 (Flyball, 89S)
|
Top of the 7th over - 15 run(s), 5 hit(s), 4 error(s), 1 left on base; San Diego 22 - La Crosse 6 |
BOTTOM OF THE 7TH |
La Crosse Loggers batting - Pitching for San Diego Smashers : RHP Pepe Guillén
|
Batting: LHB José Santos
|
0-0: Ball 1-0: SINGLE (Line Drive, 89S)
|
Batting: RHB Sergio Sánchez
|
0-0: Ball 1-0: Ground out 6-3 (Groundball, 6MS) José Santos to second
|
Batting: LHB Enrique Tirado
|
0-0: Ball 1-0: Ball 2-0: Called Strike 2-1: SINGLE (Groundball, 34D) José Santos to third Runner from 3rd tries for Home, SAFE, no throw or cutoff
|
Batting: RHB Fraser Stanton
|
0-0: Ball 1-0: Ball 2-0: SINGLE (Flyball, 8RS) Enrique Tirado to second
|
Batting: RHB Vicente Vélez
|
0-0: Ball 1-0: Ball 2-0: Swinging Strike 2-1: Ball 3-1: Foul Ball, location: 2F 3-2: SINGLE (Groundball, 56D) Enrique Tirado to third Fraser Stanton to second Runner from 3rd tries for Home, SAFE, no throw or cutoff
|
Pitching: LHP Marcos Alvarado
|
|
Batting: RHB Jimmy Smith
|
0-0: 3-RUN HOME RUN (Flyball, 78XD), Distance : 402 ft
|
Batting: LHB Ricardo Ruíz
|
0-0: Foul Ball, location: 2F 0-1: Ball 1-1: Called Strike 1-2: Foul Ball, location: 2F 1-2: Ball 2-2: Ball 3-2: Base on Balls
|
Batting: LHB Oliver Beltrán
|
0-0: Ball 1-0: Called Strike 1-1: Swinging Strike 1-2: Foul Ball, location: 2F 1-2: Strikes out swinging
|
Batting: RHB Paul Bailey
|
0-0: Called Strike 0-1: Called Strike 0-2: Fielders Choice at 2nd, U4 (Groundball, 4M)
|
Bottom of the 7th over - 5 run(s), 5 hit(s), 0 error(s), 1 left on base; San Diego 22 - La Crosse 11 |
TOP OF THE 8TH |
San Diego Smashers batting - Pitching for La Crosse Loggers : RHP Mark Tidwell
|
Batting: LHB António Glaviz
|
0-0: SINGLE (Popup, 6D)
|
Batting: LHB Jeffrey Bascombe
|
0-0: Fly out, F8 (Flyball, 8RM)
|
Batting: RHB Francisco Castillo
|
0-0: Ball 1-0: Called Strike 1-1: Ball 2-1: Ball 3-1: Foul Ball, location: 2F 3-2: Foul Ball, location: 2F 3-2: 2-RUN HOME RUN (Line Drive, 78XD), Distance : 389 ft
|
Batting: LHB Raúl Guerra
|
0-0: Ball 1-0: Ground out 4-3 (Groundball, 4)
|
Batting: RHB Miguel Moreno
|
0-0: Called Strike 0-1: Ground out 1-3 (Groundball, 25)
|
Top of the 8th over - 2 run(s), 2 hit(s), 0 error(s), 0 left on base; San Diego 24 - La Crosse 11 |
BOTTOM OF THE 8TH |
La Crosse Loggers batting - Pitching for San Diego Smashers : LHP Marcos Alvarado
|
Now at 1B: Alfredo Fernández
|
|
Now at 2B: José González
|
|
Batting: LHB José Santos
|
0-0: Ball 1-0: Swinging Strike 1-1: SINGLE (Line Drive, 6MD)
|
Batting: RHB Sergio Sánchez
|
0-0: Fly out, F2 (Popup, 2RF)
|
Batting: LHB Enrique Tirado
|
0-0: Ball 1-0: Fly out, F8 (Flyball, 8RS)
|
Batting: RHB Fraser Stanton
|
0-0: Ball 1-0: Ball 2-0: Ball 3-0: Called Strike 3-1: Base on Balls José Santos to second
|
Batting: RHB Vicente Vélez
|
0-0: Ball 1-0: Called Strike 1-1: Called Strike 1-2: 3-RUN HOME RUN (Flyball, 7LD), Distance : 357 ft
|
Batting: RHB Jimmy Smith
|
0-0: Ball 1-0: Foul Ball, location: 2F 1-1: Called Strike 1-2: Foul Ball, location: 2F 1-2: Strikes out swinging
|
Bottom of the 8th over - 3 run(s), 2 hit(s), 0 error(s), 0 left on base; San Diego 24 - La Crosse 14 |
TOP OF THE 9TH |
San Diego Smashers batting - Pitching for La Crosse Loggers : RHP Mark Tidwell
|
Batting: SHB Yoshitoki Kouda
|
0-0: Fly out, F4 (Popup, 4D)
|
Pitching: LHP Nathan Ortíz
|
|
Batting: RHB Justin Burgess
|
0-0: Foul Ball, location: 2F 0-1: Swinging Strike 0-2: Strikes out swinging
|
Batting: LHB Pedro Cruz
|
0-0: Fly out, F8 (Line Drive, 8LM)
|
Top of the 9th over - 0 run(s), 0 hit(s), 0 error(s), 0 left on base; San Diego 24 - La Crosse 14 |
BOTTOM OF THE 9TH |
La Crosse Loggers batting - Pitching for San Diego Smashers : LHP Marcos Alvarado
|
Pitching: RHP Warren Johnson
|
|
Batting: LHB Ricardo Ruíz
|
0-0: Ball 1-0: Called Strike 1-1: Ball 2-1: Ball 3-1: Called Strike 3-2: Base on Balls
|
Pinch Hitting: RHB Lloyd Harvey
|
0-0: Called Strike 0-1: Ball 1-1: Foul Ball, location: 2F 1-2: Grounds into double play, 1-6-3 (Groundball, 13)
|
Batting: RHB Paul Bailey
|
0-0: Ball 1-0: Foul Ball, location: 2F 1-1: Foul Ball, location: 2F 1-2: Ball 2-2: Foul Ball, location: 2F 2-2: Strikes out looking
|
Bottom of the 9th over - 0 run(s), 0 hit(s), 0 error(s), 0 left on base; San Diego 24 - La Crosse 14 |
|
|